 Dungeon Sprint DCSS version 0.26-a0-30-g56b8cd3df0 (webtiles) character file.

Game seed: 7230938374194916709, levelgen mode: deterministic

25 Apogee the Cudgeler (level 2, -8/29 HPs)
             Began as a Minotaur Berserker on June 2, 2020.
             Was a Follower of Trog.
             Mangled by an ogre
             ... wielding a cursed +0 giant club
              (9 damage)
             ... in the Dungeon (Sprint I: "Red Sonja").
             The game lasted 00:00:33 (24 turns).

Apogee the Cudgeler (Minotaur Berserker)              Turns: 24, Time: 00:00:34

Health: -8/29      AC:  9    Str: 21    XL:     2   Next: 82%
Magic:  1/1        EV:  8    Int:  4    God:    Trog [*.....]
Gold:   0          SH:  0    Dex:  9    Spells: 1/1 levels left

rFire    . . .     SeeInvis .   a - +0 mace
rCold    + . .     Gourm    .   (no shield)
rNeg     . . .     Faith    .   j - +1 chain mail {rC+}
rPois    .         Spirit   .   (helmet restricted)
rElec    .         Reflect  .   (no cloak)
rCorr    .         Harm     .   (no gloves)
MR       .....     NoTele   +   (no boots)
Stlth    ..........             (no amulet)
HPRegen  0.09/turn              (no ring)
MPRegen  0.07/turn              (no ring)

@: berserk cooldown, slowed, very slow
A: retaliatory headbutt, horns 2
a: Berserk, Renounce Religion


You were in the Dungeon.
You worshipped Trog.
Trog was aware of your devotion.
You were not hungry.

You visited 1 branch

Inventory:

Hand Weapons
 a - a +0 mace (weapon)
Armour
 j - a +1 chain mail of cold resistance (worn)
Scrolls
 i - a scroll of blinking {!r}
Potions
 d - a potion of curing
 e - a potion of heal wounds
 f - a potion of haste
 g - 2 potions of magic
 h - a potion of berserk rage {!q}
Comestibles
 c - a ration


   Skills:
 + Level 5.3 Fighting
 * Level 6.7 Maces & Flails
 - Level 2.4 Armour
 - Level 2.1 Dodging


You had one spell level left.
You didn't know any spells.
Your spell library was empty.

Dungeon Overview and Level Annotations

Branches:
Dungeon (1/1)

Altars:


Innate Abilities, Weirdness & Mutations

You reflexively headbutt those who attack you in melee.
You have a pair of horns on your head.


Message History

You start putting on your armour.
You continue putting on your +1 chain mail of cold resistance. x5
You finish putting on your +1 chain mail of cold resistance.
You feel resistant to cold.
Drop what? 10/52 slots (_ for help) (? for menu, Esc to quit)
You drop a +0 animal skin.
You open the door.
An ogre comes into view. It is wielding a +0 giant club.
The ogre shouts!
You hit the ogre but do no damage. You headbutt the ogre!
The ogre is heavily wounded.
The ogre hits you with a cursed +0 giant club.
Okay, then.
You hit the ogre. Your headbutt misses the ogre.
The ogre is heavily wounded.
The ogre hits you with a cursed +0 giant club!!
Ouch! That really hurt!
* * * LOW HITPOINT WARNING * * *
The ogre hits you with a cursed +0 giant club!
You die...

##########
#<.#.@O..#
#..'[.#..+
#..#### +#
#..# #..#
#..# #⌠⌠#
####


You could see an ogre.

Vanquished Creatures
  Ijyb (D)
1 creature vanquished.

Notes
Turn   | Place    | Note
-------+----------+-------------------------------------------
     0 | D        | Apogee the Minotaur Berserker began the quest for the Orb.
     0 | D        | Reached XP level 1. HP: 19/19 MP: 0/0
     1 | D        | Noticed Ijyb
     5 | D        | Killed Ijyb
     5 | D        | Reached skill level 5 in Fighting
     5 | D        | Reached skill level 6 in Maces & Flails
     5 | D        | Reached XP level 2. HP: 29/29 MP: 1/1
    22 | D        | Noticed an ogre
    24 | D        | HP: 1/29 [ogre/cursed +0 giant club (23)]
    24 | D        | Mangled by an ogre

Illustrated notes

Levels and vault maps discovered:
D:        dungeon_sprint_1 [red_sonja_temple_1, red_sonja_temple_small_1]

Skill      XL: |  1 |
---------------+----+-----
Fighting       | 5 |  5.3
Maces & Flails | 6 |  6.7
Armour         | |  2.4
Dodging        | |  2.1

Action                   || total
-------------------------++-------
Melee: Mace              ||     4
       Headbutt          ||     2
Invok: Berserk           ||     1
Dodge: Dodged            ||     3

Table legend:
 A = Non-vault XP
 B = Vault XP
 C = Vault XP percentage of total XP
 D = Non-vault monster count
 E = Vault monster count
 F = Vault count percentage of total count
                 A         B        C        D         E       F
            +---------+---------+-------+---------+---------+-------
      Total |       0 |      36 | 100.0 |       0 |       1 | 100.0
            +---------+---------+-------+---------+---------+-------
          D |       0 |      36 | 100.0 |       0 |       1 | 100.0
            +---------+---------+-------+---------+---------+-------
